 Dungeon Crawl Stone Soup version 0.22-a0-601-gb0ed703ee0 (webtiles) character file.

116909 PikkenKukken the Blocker (level 17, -1/137 HPs)
             Began as a Formicid Fighter on July 6, 2018.
             Was a High Priest of Okawaru.
             Slain by a merfolk
             ... wielding a +0 trident
              (10 damage)
             ... on level 2 of the Shoals.
             The game lasted 01:42:42 (29532 turns).

PikkenKukken the Blocker (Formicid Fighter)        Turns: 29532, Time: 01:42:43

Health: -1/137     AC: 27    Str: 25    XL:     17   Next: 27%
Magic:  0/23       EV: 20    Int: 12    God:    Okawaru [*****.]
Gold:   1933       SH: 15    Dex: 11    Spells: 16/16 levels left

rFire    . . .     SeeInvis +   a - +4 executioner's axe (flame)
rCold    + . .     Gourm    .   c - +1 shield
rNeg     . . .     Faith    .   B - +2 plate armour {rC+}
rPois    +         Spirit   +   (helmet unavailable)
rElec    .         Reflect  .   N - +2 cloak
rCorr    .         Harm     .   K - +1 pair of gloves
MR       +....                  H - +0 pair of boots (curse)
Stlth    ..........             y - amulet of guardian spirit
HPRegen  0.32/turn              x - ring of poison resistance
MPRegen  0.18/turn              L - ring of Phasing {EV+8}

@: very slow
A: permanent stasis, dig shafts and tunnels, four strong arms, antennae 3,
yellow scales 1, clever 1
a: Dig, Shaft Self, Heroism, Finesse, Renounce Religion


You were on level 2 of the Shoals.
You worshipped Okawaru.
Okawaru was extremely pleased with you.
You were not hungry.

You visited 5 branches of the dungeon, and saw 24 of its levels.
You also visited: Bailey.

You collected 2617 gold pieces.
You spent 684 gold pieces at shops.

Inventory:

Hand Weapons
 a - a +4 executioner's axe of flaming (weapon)
 b - a +0 arbalest
 C - a +3 war axe of freezing
Missiles
 g - 550 arrows
 v - 313 bolts
Armour
 c - a +1 shield (worn)
 e - a scarf of cloud immunity
 B - a +2 plate armour of cold resistance (worn)
 H - a cursed +0 pair of boots (worn)
 K - a +1 pair of gloves (worn)
 N - a +2 cloak (worn)
Jewellery
 d - a cursed ring of teleportation {unknown}
 r - a +3 amulet of reflection
 w - a +3 ring of protection
 x - a ring of poison resistance (left hand)
 y - an amulet of guardian spirit (around neck)
 L - the ring of Phasing (right hand) {EV+8}
   (You found it on level 12 of the Dungeon)

   [ring of evasion]

   It affects your evasion (+8).
 P - an uncursed ring of protection from magic
Wands
 t - a wand of digging (11)
Scrolls
 h - 4 scrolls of identify
 k - 6 scrolls of enchant armour
 n - 2 scrolls of fear
 o - 8 scrolls of remove curse
 q - 2 scrolls of enchant weapon
 D - 2 scrolls of fog
 I - 5 scrolls of amnesia
 J - a scroll of noise
Potions
 i - 5 potions of heal wounds
 m - 9 potions of curing
 s - 6 potions of flight
 u - 2 potions of might
 z - a potion of cancellation
 A - 6 potions of brilliance
 E - 2 potions of agility
 F - a potion of magic
 O - a potion of ambrosia
 R - 2 potions of mutation
Comestibles
 f - 26 rations
 j - 3 chunks of flesh


   Skills:
 + Level 13.3 Fighting
 + Level 12.2 Axes
 + Level 10.2 Crossbows
 + Level 13.3 Armour
 + Level 10.5 Dodging
 + Level 14.3 Shields
 - Level 9.0 Invocations


You had 16 spell levels left.
You didn't know any spells.
Your spell library contained the following spells:

 Spells                   Type           Power        Failure   Level  Hunger
 Lightning Bolt           Conj/Air       #.........   100%        5    ######.
 Confuse                  Hex            #.......     100%        3    ####...
 Throw Frost              Conj/Ice       #.....       99%         2    ###....
 Freeze                   Ice            #...         95%         1    ##.....
 Summon Ice Beast         Ice/Summ       #.......     100%        4    #####..
 Ozocubu's Armour         Chrm/Ice       #.......     100%        3    ####...
 Shock                    Conj/Air       #...         95%         1    ##.....
 Swiftness                Chrm/Air       #.......     99%         2    ###....
 Spider Form              Tmut/Pois      #.........   100%        3    ####...
 Blade Hands              Tmut           #.........   100%        5    ######.
 Ice Form                 Ice/Tmut       #.......     100%        4    #####..
 Deflect Missiles         Chrm/Air       #.........   100%        6    #######
 Throw Icicle             Conj/Ice       #.......     100%        4    #####..
 Airstrike                Air            #.........   100%        4    #####..
 Shadow Creatures         Summ           N/A          100%        6    #######
 Confusing Touch          Hex            #.....       95%         1    ##.....
 Sticks to Snakes         Tmut           #.......     99%         2    ###....
 Ensorcelled Hibernation  Hex/Ice        #.....       99%         2    ###....
 Metabolic Englaciation   Hex/Ice        #.........   100%        5    ######.
 Silence                  Hex/Air        #.........   100%        5    ######.
 Static Discharge         Conj/Air       #.......     100%        3    ####...
 Petrify                  Tmut/Erth      #.......     100%        4    #####..
 Darkness                 Hex            #.........   100%        6    #######
 Beastly Appendage        Tmut           #.....       95%         1    ##.....
 Gell's Gravitas          Tloc           #.........   100%        3    ####...
 Yara's Violent Unravell  Hex/Tmut       #.........   100%        5    ######.
 Borgnjor's Vile Clutch   Necr/Erth      #.........   100%        5    ######.


Dungeon Overview and Level Annotations

Branches:
Dungeon (13/15)            Temple (0/1) D:4            Lair (6/6) D:11
 Shoals (2/4) Lair:4        Snake (1/4) Lair:4        Slime (0/5) Lair:6
    Orc (2/2) D:9             Elf (0/3) Orc:2
 Vaults: D:13-14

Altars:
Dithmenos
Elyvilon
Fedhas
Gozag
Hepliaklqana
Kikubaaqudgha
Makhleb
Okawaru
Ru
Trog
Vehumet
Wu Jian
Xom
Zin
Jiyva

Shops:
D:4 }   D:6 *(   D:9 [   Orc:2 *[*!   Snake:1 }=}

Annotations:
Lair:1 exclusion: oklob plant


Innate Abilities, Weirdness & Mutations

You cannot be hasted, slowed, berserked, paralysed or teleported.
You can dig through walls and to a lower floor.
Your four strong arms can wield two-handed weapons with a shield.
You have a pair of large antennae on your head. (SInv)
You are partially covered in yellow scales. (AC +2)
Your mind is acute. (Int +2)


Message History

The merfolk completely misses you.
Your unstable footing causes you to fumble your attack.
The harpy screeches!
The harpy misses you. You block the harpy's attack. The water nymph misses you.
You block the merfolk's attack.
You closely miss the water nymph.
The water nymph is heavily wounded.
The harpy screeches!
The water nymph touches you. The water nymph drowns you!
* * * LOW HITPOINT WARNING * * *
The merfolk misses you. You block the harpy's attack. x2
The water nymph misses you.
The merfolk hits you but does no damage.
You closely miss the water nymph.
The water nymph is heavily wounded.
You closely miss the harpy. You block the harpy's attack. x2
The water nymph touches you. The water nymph drowns you!
* * * LOW HITPOINT WARNING * * *
The merfolk hits you from afar with a trident!
You die...

≈≈≈..E..≈≈≈.≈≈.....≈..≈
≈≈..#...≈≈≈≈≈...≈≈...≈≈
≈≈.##......≈........≈≈
≈≈≈......#...##.....≈ .≈
≈≈≈.....##..##.....# ...
≈≈≈≈≈........≈##...##....
≈≈≈≈≈..<[....H#≈........≈
≈≈≈≈≈......≈†≈[≈?........
≈≈≈≈≈≈≈.......mm@.....≈..
≈≈≈≈≈≈≈≈......≈≈≈.......≈
≈≈≈≈≈≈≈≈........≈≈......≈
≈≈≈≈≈≈≈.........≈≈≈≈....≈
≈≈≈≈≈≈≈≈≈≈≈...≈≈≈≈≈≈≈≈≈≈
≈≈≈≈≈≈≈≈≈≈≈≈≈≈≈≈≈≈≈≈
≈≈≈≈≈≈≈≈≈≈≈≈≈≈≈≈≈≈≈≈
≈≈≈≈≈≈≈≈≈≈≈≈≈≈≈≈≈


You could see a merfolk, a water nymph and a harpy.

Vanquished Creatures
  Rupert (Lair:6)
  Gastronok (Lair:2)
  A kraken (Shoals:1)
  Aizul (Snake:1)
  Snorg (Lair:6)
  A merfolk impaler (Shoals:1)
  Josephine (Orc:1)
  5 hydras
  A naga warrior (Snake:1)
  2 anacondas (Snake:1)
  2 merfolk aquamancers
  A centaur warrior (D:12)
  Erica (D:8)
  A two-headed ogre (D:12)
  A merfolk avatar (Lair:6)
  A tengu warrior (D:12)
  An orc high priest (Orc:2)
  10 death yaks
  Urug (Orc:1)
  A shock serpent (Lair:4)
  A naga sharpshooter (Snake:1)
  2 sea snakes
  2 naga ritualists (Snake:1)
  5 large abominations (D:12)
  A wizard (D:12)
  9 harpies
  The ghost of mrdizzer the Digger, a novice GrEE of Vehumet (D:8)
  4 mana vipers
  5 orc sorcerers (Orc:2)
  6 fauns (Shoals:1)
  13 black mambas
  3 salamanders (Snake:1)
  4 manticores
  Joseph (D:7)
  9 elephants
  7 merfolk sirens (Shoals:1)
  2 naga magi (Snake:1)
  2 centaur zombies
  Psyche (D:12)
  A torpor snail (Lair:6)
  3 rime drakes
  14 spiny frogs
  A tengu conjurer (D:12)
  7 komodo dragons
  A troll (Orc:1)
  4 wind drakes
  7 polar bears
  10 merfolk
  30 blink frogs
  4 hornets
  8 hippogriffs
  6 dream sheep (Lair:6)
  5 snapping turtles (Shoals:1)
  Sigmund (D:6)
  A spriggan (D:8)
  A shadow (D:11)
  5 wraiths
  8 water elementals
  6 wyverns
  8 basilisks
  49 yaks
  A hungry ghost (D:10)
  Menkaure (D:6)
  Grum (D:8)
  13 nagas
  A warg (Orc:2)
  An acid dragon (D:10)
  11 porcupines
  2 black bears
  13 water moccasins
  6 ice beasts
  2 sky beasts
  A necrophage (D:5)
  18 orc warriors
  7 small abominations (D:12)
  8 ogres
  14 centaurs
  2 wolves (D:8)
  12 crocodiles
  2 big kobolds
  A water moccasin zombie (D:11)
  16 bullfrogs
  2 wyvern skeletons
  4 scorpions
  6 killer bees (D:10)
  3 electric eels
  A howler monkey (D:6)
  5 crimson imps
  3 jellies
  6 bullfrog zombies
  4 hounds
  38 orc wizards
  17 orc priests
  4 centaur skeletons
  5 iguanas
  9 worker ants
  2 worker ant zombies
  A howler monkey zombie (D:11)
  7 gnolls
  18 adders
  3 shadow imps
  12 white imps (Orc:2)
  An adder skeleton (D:4)
  4 worms
  2 dart slugs
  4 leopard geckos
  67 orcs
  6 giant cockroaches
  6 hobgoblins
  8 jackals
  17 kobolds
  4 quokkas
  4 ball pythons
  5 bats
  5 frilled lizards
  13 goblins
  2 leopard gecko zombies
  A quokka zombie (D:10)
  5 rats
  A bush (Lair:1)
  3 fungi
  15 plants
  3 tentacles (Shoals:1)
752 creatures vanquished.

Vanquished Creatures (others)
  2 bushes (Lair:6)
  27 fungi
  56 plants
  9 tentacles (Shoals:1)
94 creatures vanquished.

Grand Total: 846 creatures vanquished

Notes
Turn   | Place    | Note
-------+----------+-------------------------------------------
     0 | D:1      | PikkenKukken the Formicid Fighter began the quest for the Orb.
     0 | D:1      | Reached XP level 1. HP: 18/18 MP: 1/1
    79 | D:1      | Reached XP level 2. HP: 21/24 MP: 2/2
   366 | D:1      | Reached skill level 4 in Shields
   409 | D:1      | Reached XP level 3. HP: 29/29 MP: 3/3
   775 | D:2      | Found a white marble altar of Elyvilon.
   832 | D:2      | Reached XP level 4. HP: 37/37 MP: 4/4
   869 | D:2      | Found an iron altar of Okawaru.
   875 | D:2      | Became a worshipper of Warmaster Okawaru
   997 | D:2      | Found a sacrificial altar of Ru.
  1006 | D:2      | Reached XP level 5. HP: 41/42 MP: 5/5
  1390 | D:3      | Found a shimmering altar of Xom.
  1871 | D:3      | Reached XP level 6. HP: 49/49 MP: 6/6
  2007 | D:3      | Reached skill level 5 in Shields
  2428 | D:4      | Found Reilupor's Gadget Emporium.
  2440 | D:4      | Found a shadowy altar of Dithmenos.
  2481 | D:4      | Found a burning altar of Makhleb.
  2482 | D:4      | Noticed an Executioner
  2483 | D:4      | Found a glowing silver altar of Zin.
  2484 | D:4      | Noticed an angel
  2777 | D:4      | Found a staircase to the Ecumenical Temple.
  3073 | D:5      | Entered Level 5 of the Dungeon
  3162 | D:4      | Reached XP level 7. HP: 52/55 MP: 7/7
  3227 | D:5      | Reached * piety under Okawaru
  3273 | D:5      | Reached skill level 5 in Fighting
  3273 | D:5      | Reached skill level 5 in Armour
  3942 | D:5      | Reached skill level 1 in Invocations
  3967 | D:5      | Reached skill level 6 in Shields
  4150 | D:5      | Reached XP level 8. HP: 63/63 MP: 9/9
  4305 | D:6      | Reached ** piety under Okawaru
  4393 | D:6      | Noticed Menkaure
  4446 | D:5      | Reached skill level 5 in Axes
  4621 | D:6      | Killed Menkaure
  4807 | D:6      | Found an opulent altar of Gozag.
  4807 | D:6      | Found Gozag's Platinum Reserve.
  4924 | D:6      | Reached skill level 7 in Shields
  4924 | D:6      | Reached XP level 9. HP: 69/69 MP: 11/11
  4980 | D:6      | Noticed Sigmund
  4994 | D:6      | Killed Sigmund
  4994 | D:6      | Reached *** piety under Okawaru
  5070 | D:6      | Found Wioxzoso's Antique Weapon Shop.
  5383 | D:6      | Identified the Papyrus of Flight
  5511 | D:6      | Found an ancient bone altar of Kikubaaqudgha.
  5512 | D:6      | Found a bloodstained altar of Trog.
  5786 | D:7      | Reached skill level 5 in Invocations
  5786 | D:7      | Reached skill level 8 in Shields
  5789 | D:7      | Reached **** piety under Okawaru
  5929 | D:7      | Reached XP level 10. HP: 75/79 MP: 14/14
  6031 | D:7      | Noticed Joseph
  6041 | D:7      | Killed Joseph
  6514 | D:7      | Found a hazy altar of Hepliaklqana.
  6677 | D:8      | Found an ornate altar of the Wu Jian Council.
  6677 | D:8      | Found a radiant altar of Vehumet.
  6826 | D:8      | Noticed mrdizzer's ghost (novice GrEE)
  6829 | D:8      | Noticed Erica
  6842 | D:8      | Killed Erica
  6842 | D:8      | Reached skill level 9 in Shields
  6846 | D:8      | Found a transporter.
  6854 | D:8      | Noticed Grum
  6870 | D:8      | Killed Grum
  6935 | D:8      | Found a flagged portal.
  7040 | Bailey   | Entered a bailey
  7040 | Bailey   | Noticed an orc knight
  7051 | Bailey   | Noticed an orc knight
  7055 | Bailey   | Noticed an orc knight
  7075 | Bailey   | HP: 1/82 [orc warrior/trident (19)]
  7645 | D:8      | Found a transporter.
  7778 | D:8      | Reached XP level 11. HP: 87/87 MP: 16/16
  8037 | D:9      | Found a staircase to the Orcish Mines.
  8054 | D:9      | Got a warped hunting sling
  8055 | D:9      | Identified the +7 hunting sling "Norurch" {velocity, MR+} (You found it on level 9 of the Dungeon)
  8162 | D:9      | Reached ***** piety under Okawaru
  8162 | D:9      | Reached skill level 1 in Crossbows
  8540 | D:9      | Found Ewaok's Antique Armour Boutique.
  8651 | D:9      | Found a blossoming altar of Fedhas.
  9215 | D:10     | Entered Level 10 of the Dungeon
 10157 | D:11     | Received a gift from Okawaru
 10163 | D:11     | Reached skill level 10 in Shields
 10280 | D:11     | Found a staircase to the Lair.
 10280 | D:11     | Noticed a manticore
 10286 | D:11     | Killed a manticore
 10286 | D:11     | Received a gift from Okawaru
 10301 | D:11     | Received a gift from Okawaru
 10973 | Lair:1   | Entered Level 1 of the Lair of Beasts
 11079 | Lair:1   | Reached skill level 5 in Crossbows
 11091 | Lair:1   | Reached XP level 12. HP: 65/96 MP: 11/17
 11504 | Lair:1   | Reached skill level 10 in Fighting
 11616 | Lair:1   | Reached skill level 10 in Armour
 11616 | Lair:1   | Reached skill level 1 in Dodging
 12771 | Lair:2   | Reached skill level 11 in Shields
 13020 | Lair:2   | Received a gift from Okawaru
 13066 | Lair:2   | Noticed Gastronok
 13083 | Lair:2   | Killed Gastronok
 13350 | Lair:2   | Received a gift from Okawaru
 13465 | Lair:2   | Reached XP level 13. HP: 104/104 MP: 19/19
 14406 | Lair:2   | Received a gift from Okawaru
 14460 | Lair:3   | Reached XP level 14. HP: 111/111 MP: 20/20
 14592 | Lair:2   | Received a gift from Okawaru
 15434 | Lair:4   | Found a staircase to the Shoals.
 15533 | Lair:4   | Found a staircase to the Snake Pit.
 15614 | Lair:4   | Received a gift from Okawaru
 16313 | Lair:4   | Reached skill level 10 in Axes
 16866 | Lair:4   | Reached skill level 12 in Shields
 17890 | Lair:5   | Received a gift from Okawaru
 17890 | Lair:5   | Reached XP level 15. HP: 110/119 MP: 19/21
 18401 | Orc:1    | Entered Level 1 of the Orcish Mines
 18872 | Orc:2    | Entered Level 2 of the Orcish Mines
 18872 | Orc:2    | Found a frozen archway.
 19064 | Orc:1    | Noticed Josephine
 19071 | Orc:1    | Killed Josephine
 19398 | Orc:1    | Noticed Urug
 19419 | Orc:1    | Killed Urug
 19851 | Orc:2    | Found a staircase to the Elven Halls.
 20449 | Orc:2    | Found Sufol's General Store.
 20449 | Orc:2    | Found Goehet's Distillery.
 20452 | Orc:2    | Found Toaryif's General Store.
 20452 | Orc:2    | Found Ysedghiyq's Antique Armour Emporium.
 20467 | Orc:2    | Bought a +1 executioner's axe of flaming for 350 gold pieces
 20467 | Orc:2    | Bought a potion of heal wounds for 70 gold pieces
 20480 | Orc:2    | Bought a potion of mutation for 96 gold pieces
 20480 | Orc:2    | Bought a potion of mutation for 96 gold pieces
 20480 | Orc:2    | Gained mutation: You are partially covered in yellow scales. (AC +2) [potion of mutation]
 20480 | Orc:2    | Gained mutation: Your mind is acute. (Int +2) [potion of mutation]
 21042 | Orc:2    | Bought a potion of curing for 36 gold pieces
 21042 | Orc:2    | Bought a potion of curing for 36 gold pieces
 21236 | Lair:6   | Entered Level 6 of the Lair of Beasts
 21931 | Lair:6   | Reached skill level 13 in Shields
 22304 | Lair:6   | Noticed Rupert
 22318 | Lair:6   | Killed Rupert
 22528 | Lair:6   | Noticed Snorg
 22532 | Lair:6   | Received a gift from Okawaru
 22541 | Lair:6   | Killed Snorg
 22652 | Lair:6   | Found a staircase to the Slime Pits.
 22653 | Lair:6   | Found a viscous altar of Jiyva.
 22930 | Lair:5   | Received a gift from Okawaru
 22951 | Lair:5   | Reached XP level 16. HP: 121/128 MP: 22/22
 23663 | Lair:6   | Received a gift from Okawaru
 24001 | D:8      | Killed mrdizzer's ghost
 24187 | Snake:1  | Entered Level 1 of the Snake Pit
 24504 | Snake:1  | Found Qurug's Jewellery Emporium.
 24505 | Snake:1  | Found Jinuruy's Gadget Shop.
 24505 | Snake:1  | Found Wowimoull's Gadget Shop.
 25000 | Snake:1  | Noticed Aizul
 25016 | Snake:1  | Killed Aizul
 25016 | Snake:1  | Received a gift from Okawaru
 26637 | Shoals:1 | Entered Level 1 of the Shoals
 26794 | D:12     | Reached skill level 10 in Dodging
 27064 | D:12     | Noticed Psyche
 27069 | D:12     | Killed Psyche
 27358 | D:12     | Found the ring of Phasing {EV+8}
 27792 | Shoals:1 | Noticed a kraken
 27806 | Shoals:1 | Reached skill level 14 in Shields
 27811 | Shoals:1 | Killed a kraken
 28139 | Shoals:1 | Reached skill level 10 in Crossbows
 28180 | Shoals:1 | Received a gift from Okawaru
 28183 | Shoals:1 | Reached XP level 17. HP: 115/136 MP: 21/23
 29280 | Shoals:1 | Received a gift from Okawaru
 29527 | Shoals:2 | HP: 4/137 [water nymph/the raging water (18)]
 29532 | Shoals:2 | Slain by a merfolk

Vault maps used:
D:1:      minmay_arrival_wavy_path, minivault_19, hangedman_feature_mirror
D:2:      nicolae_ru_great_annihilating_truth, lemuel_crystal_altar,
          lemuel_crystal_altar, first_ration
D:3:      lemuel_round_altar
D:4:      grunt_temple_overflow_order_and_chaos_2, temple_pool_b, serial_curves,
          eino_curves_04, eino_curves_03, serial_shops, kennysheep_mini,
          grunt_dithmenos_smoke_and_mirrors
D:6:      nicolae_gozag_zags_fifth_avenue, gammafunk_temple_overflow_statue,
          serial_shops, kennysheep_mini_moat, uniq_sigmund, uniq_menkaure
D:7:      lemuel_coloured_pillars_altar, uniq_joseph
D:8:      amethyst_overflow_temple_binary, enter_bailey_8,
          gammafunk_ghost_arena, chequers_ossuary_entry_cave, the_bakery,
          uniq_grum, uniq_erica
D:9:      fedhas_altar_fruit_tree, orc_0_dummy, serial_shops, shop
D:11:     david_lair_shrubbed
D:12:     minmay_misc_feat_tower, laboratory, uniq_psyche
D:13:     minmay_guarded_unrand_sword_of_power,
          lightli_vaults_fourway_checkpoint, ebering_ghost_xom, uniq_nessos
Lair:1:   minmay_lair_oklob_items, grunt_megastairs_2
Lair:2:   serial_bayou_shore_a, grunt_megastairs_5, uniq_gastronok
Lair:3:   nicolae_quartered_pool_super
Lair:4:   minmay_shoals_entry_centaurs, guppyfry_snake_entry_island,
          st_stairs_9, lemuel_another_geyser
Lair:5:   beast_lair_carwin_large_1
Lair:6:   gammafunk_lair_ancient_temple, slime_altar_1,
          kennysheep_basilisk_garden, uniq_rupert, uniq_snorg
Shoals:2: uniq_polyphemus
Snake:1:  minmay_shop_grove, uniq_aizul
Orc:1:    guppyfry_library_mini, uniq_josephine, uniq_urug
Orc:2:    st_orc_mages, portal_ice_cave_entry_imps
Bailey:   bailey_polearm_4, bailey

Skill      XL: |  1  2  3  4  5  6  7  8  9 10 11 12 13 14 15 16 |
---------------+-------------------------------------------------+-----
Shields        | 4 5 6 7 8 9 10 11 12 13 14 | 14.3
Armour         | 4 5 6 7 8 9 10 11 12 13 | 13.3
Fighting       | 4 5 6 7 8 9 10 11 12 13 | 13.3
Axes           | 3 4 5 6 7 8 9 10 11 12 | 12.2
Invocations    | 1 3 5 7 8 9 |  9.0
Crossbows      | 5 6 7 8 10 | 10.2
Dodging        | 2 7 8 9 10 | 10.5

Action                   |  1- 3 |  4- 6 |  7- 9 | 10-12 | 13-15 | 16-18 || total
-------------------------+-------+-------+-------+-------+-------+-------++-------
Melee: War axe           |   112 |   169 |   243 |   669 |   527 |       ||  1720
       Executioner's axe |       |       |       |       |   254 |   505 ||   759
 Fire: Arbalest          |       |       |       |    52 |   241 |    83 ||   376
Invok: Heroism           |       |       |     2 |     8 |    12 |    11 ||    33
       Finesse           |       |       |       |     1 |     5 |     4 ||    10
 Abil: Dig               |       |       |       |       |       |     1 ||     1
  Use: Scroll            |     5 |     5 |     5 |     8 |     7 |     3 ||    33
       Potion            |       |     1 |       |       |     3 |     2 ||     6
 Stab: Paralysed         |       |     2 |       |       |       |       ||     2
  Eat: Chunk             |       |     7 |    10 |    15 |    16 |     4 ||    52
       Ration            |       |       |       |     3 |     5 |     5 ||    13
Armor: Scale mail        |    26 |       |       |       |       |       ||    26
       Plate armour      |    28 |    98 |   120 |   275 |   412 |   355 ||  1288
Dodge: Dodged            |    36 |    26 |    55 |   144 |   338 |   424 ||  1023
Block: Shield            |    61 |   119 |   160 |   439 |   624 |   569 ||  1972

Table legend:
 A = Spawn XP
 B = Non-spawn XP
 C = Spawn XP percentage of total XP
 D = Spawn monster count
 E = Non-spawn monster count
 F = Spawn count percentage of total count
 G = Total turns spent on level
                    A         B        C        D         E        F      G
               +---------+---------+-------+---------+---------+-------+---------
         Total |       0 |  146217 |   0.0 |       0 |     730 |   0.0 | 29532
               +---------+---------+-------+---------+---------+-------+---------
           D:1 |       0 |      44 |   0.0 |       0 |      26 |   0.0 |   641
           D:2 |       0 |     145 |   0.0 |       0 |      23 |   0.0 |   735
           D:3 |       0 |     203 |   0.0 |       0 |      18 |   0.0 |   953
           D:4 |       0 |      84 |   0.0 |       0 |      11 |   0.0 |   760
           D:5 |       0 |     780 |   0.0 |       0 |      26 |   0.0 |  1398
           D:6 |       0 |    1575 |   0.0 |       0 |      33 |   0.0 |  1134
           D:7 |       0 |    2075 |   0.0 |       0 |      36 |   0.0 |  1004
           D:8 |       0 |    3708 |   0.0 |       0 |      37 |   0.0 |  1423
           D:9 |       0 |    1040 |   0.0 |       0 |      13 |   0.0 |  1331
          D:10 |       0 |    1086 |   0.0 |       0 |      14 |   0.0 |   755
          D:11 |       0 |    3515 |   0.0 |       0 |      35 |   0.0 |  1193
          D:12 |       0 |    7619 |   0.0 |       0 |      30 |   0.0 |   830
        Lair:1 |       0 |    6670 |   0.0 |       0 |      29 |   0.0 |  1617
        Lair:2 |       0 |    9229 |   0.0 |       0 |      33 |   0.0 |  1782
        Lair:3 |       0 |    5994 |   0.0 |       0 |      28 |   0.0 |  1342
        Lair:4 |       0 |    8417 |   0.0 |       0 |      25 |   0.0 |  2116
        Lair:5 |       0 |   17237 |   0.0 |       0 |      49 |   0.0 |  1903
        Lair:6 |       0 |   21944 |   0.0 |       0 |      58 |   0.0 |  2031
      Shoals:1 |       0 |   24593 |   0.0 |       0 |      54 |   0.0 |  1699
      Shoals:2 |       0 |    3364 |   0.0 |       0 |       7 |   0.0 |   136
       Snake:1 |       0 |   15827 |   0.0 |       0 |      31 |   0.0 |  1978
         Orc:1 |       0 |    4483 |   0.0 |       0 |      39 |   0.0 |  1052
         Orc:2 |       0 |    6452 |   0.0 |       0 |      73 |   0.0 |  1666
        Bailey |       0 |     133 |   0.0 |       0 |       2 |   0.0 |    36
               +---------+---------+-------+---------+---------+-------+---------
